 Dungeon Crawl Stone Soup version 0.24-a0-584-g9d6b971ae4 (webtiles) character file.

Game seed: 3210375629512055489, levelgen mode: deterministic

122 Arang the Sneak (level 4, -9/23 HPs)
             Began as a Vampire Assassin on Sept 4, 2019.
             Killed by divine providence
             ... invoked by an orc priest
              (11 damage)
             ... on level 3 of the Dungeon.
             The game lasted 00:13:08 (3327 turns).

Arang the Sneak (Vampire Assassin)                  Turns: 3327, Time: 00:13:09

Health: -9/23      AC:  6    Str: 11    XL:     4   Next: 78%
Magic:  4/4        EV: 10    Int: 13    God:
Gold:   134        SH:  0    Dex: 15    Spells: 3/3 levels left

rFire    . . .     SeeInvis +   a - +2 dagger
rCold    + + .     Gourm    .   (no shield)
rNeg     + + +     Faith    .   q - +0 ring mail
rPois    ∞         Spirit   .   (no helmet)
rElec    .         Reflect  .   c - +0 cloak
rCorr    .         Harm     .   (no gloves)
MR       .....                  (no boots)
Stlth    +++++.....             (no amulet)
HPRegen  0.00/turn              (no ring)
MPRegen  0.09/turn              (no ring)

@: bloodless, regenerating quickly
A: no food, fangs 3, see invisible, [frail 1], unbreathing
a: Bat Form, Revivify


You were on level 3 of the Dungeon.
You were bloodless.

You visited 1 branch of the dungeon, and saw 4 of its levels.

You collected 134 gold pieces.

Inventory:

Hand Weapons
 a - a +2 dagger (weapon)
Missiles
 d - 21 poisoned darts (quivered)
 e - 10 curare-tipped darts
Armour
 b - a +0 robe
 c - a +0 cloak (worn)
 q - a +0 ring mail (worn)
Scrolls
 f - 2 scrolls of magic mapping {unknown}
 g - a scroll of immolation {unknown}
 h - 2 scrolls of enchant armour {unknown}
 k - a scroll of random uselessness {unknown}
 m - a scroll of fog {unknown}
 n - a scroll of identify {unknown}
 o - a scroll of remove curse {unknown}
 r - a scroll of teleportation {unknown}
 s - 2 scrolls of amnesia {unknown}
Potions
 i - a potion of curing
 j - a potion of brilliance {unknown}
 l - a potion of agility {unknown}
 p - a potion of flight {unknown}
 t - a potion of degeneration {unknown}


   Skills:
 + Level 2.1 Fighting
 + Level 3.0 Short Blades
 + Level 2.0 Throwing
 * Level 1.2 Armour
 - Level 1.6 Dodging
 - Level 7.4 Stealth


You had 3 spell levels left.
You didn't know any spells.
Your spell library was empty.

Dungeon Overview and Level Annotations

Branches:
Dungeon (4/15)
 Temple: D:4-7

Altars:

Annotations:
D:1 1 exclusion
D:2 exclusion: downstairs
D:3 exclusion: downstairs


Innate Abilities, Weirdness & Mutations

You do not eat.
You do not regenerate when monsters are visible.
You are frail without blood (-20% HP).
You are immune to poison.
You have razor-sharp teeth.
You have supernaturally acute eyesight. (SInv)
You can survive without breathing.
[You are frail. (-10% HP)]


Message History

The orc priest mumbles some strange prayers to Beogh against you.
Beogh smites you!
Throwing (i - inventory. (/) - cycle)
d - 23 poisoned darts (quivered)
Press: ? - help, Shift-Dir - straight line, f/p - orc priest
Aim: an orc priest (lightly wounded, poisoned)
You throw a poisoned dart. The poisoned dart hits the orc priest.
The orc priest looks even sicker.
The orc priest is lightly wounded.
The orc priest mumbles some strange prayers to Beogh against you.
Beogh smites you!
* * * LOW HITPOINT WARNING * * *
The orc priest miscasts a cantrip.
Throwing (i - inventory. (/) - cycle)
d - 22 poisoned darts (quivered)
Press: ? - help, Shift-Dir - straight line, f/p - orc priest
Aim: an orc priest (almost dead, poisoned)
You throw a poisoned dart.
The poisoned dart barely misses the orc priest.
The orc priest calls down the wrath of Beogh upon you.
Beogh smites you!
You die...

##.#.##...#.....# #.#
#.###....##.....# #.#
##.#.######.)...# #.#
##.## #.>...# #.# #.#
#.....# ####.# #.#
###.### #....# #.#
#######.# #.####
#.###.......#### #.#
#.....####.@...# #.#
#####.##.......#
##.######## #.##.......#
#.......... #####
#.##.#.##..###..####.###
....#
#......##.......####.###
###.#
#.......#..###.##.......
#.#########.#.....#
#.##.##.##. #.#.....#
#.o.....# #.##.##.##.
#.#.....# #.......#
#..........


You could see an orc priest.

Vanquished Creatures
  An orc wizard (D:3)
  3 adders
  A worm (D:2)
  A dart slug (D:3)
  2 leopard geckos
  An orc (D:3)
  A ball python (D:1)
  5 giant cockroaches
  4 goblins
  4 hobgoblins (D:2)
  6 jackals
  11 kobolds
  2 quokkas
  5 bats
  3 frilled lizards
  8 rats
58 creatures vanquished.

Notes
Turn   | Place    | Note
-------+----------+-------------------------------------------
     0 | D:1      | Arang the Vampire Assassin began the quest for the Orb.
     0 | D:1      | Reached XP level 1. HP: 16/16 MP: 1/1
    98 | D:1      | Reached skill level 6 in Stealth
   262 | D:1      | Reached XP level 2. HP: 16/22 MP: 2/2
   359 | D:1      | You fall into a shaft and drop 1 floor!
   618 | D:2      | Reached XP level 3. HP: 27/27 MP: 3/3
   783 | D:2      | Reached skill level 7 in Stealth
  2435 | D:3      | Reached XP level 4. HP: 23/23 MP: 4/4
  3070 | D:3      | Reached skill level 1 in Armour
  3327 | D:3      | Killed from afar by an orc priest

Levels and vault maps discovered:
D:1:      minmay_arrival_widening_spiral_wide, layout_loops_ring
D:2:      layout_basic, minmay_quadrilaterals
D:3:      layout_loops_cross
D:4:      layout_loops_ring, kennysheep_little_box,
          minmay_temple_entry_statues_fountains, makhleb_blood_cavern_becter

Skill      XL: |  1  2  3  4 |
---------------+-------------+-----
Stealth        | 6 7 |  7.4
Fighting       | 2 |  2.1
Throwing       | 2 |  2.0
Short Blades   | 3 |  3.0
Armour         | 1 |  1.2
Dodging        | |  1.6

Action                   |  1- 3 |  4- 6 || total
-------------------------+-------+-------++-------
Melee: Dagger            |    99 |    51 ||   150
       Bite              |     9 |     7 ||    16
Throw: Dart              |    16 |    10 ||    26
 Abil: Exsanguinate      |     2 |       ||     2
       Revivify          |     1 |       ||     1
  Use: Potion            |       |     1 ||     1
 Stab: Sleeping          |    14 |     6 ||    20
Armor: Robe              |    24 |       ||    24
       Ring mail         |       |    11 ||    11
Dodge: Dodged            |    57 |    18 ||    75

Table legend:
 A = Non-vault XP
 B = Vault XP
 C = Vault XP percentage of total XP
 D = Non-vault monster count
 E = Vault monster count
 F = Vault count percentage of total count
                 A         B        C        D         E       F
            +---------+---------+-------+---------+---------+-------
      Total |     153 |      22 |  12.6 |      52 |       6 |  10.3
            +---------+---------+-------+---------+---------+-------
        D:1 |      18 |       0 |   0.0 |      10 |       0 |   0.0
        D:2 |      39 |      22 |  36.1 |      20 |       6 |  23.1
        D:3 |      96 |       0 |   0.0 |      22 |       0 |   0.0
            +---------+---------+-------+---------+---------+-------
